 Dungeon Sprint DCSS version 0.23-a0-636-g0ff6057 (webtiles) character file.

9856 Lanoc the Martial Artist (level 11, -1/82 HPs)
             Began as an Octopode Transmuter on Dec 28, 2018.
             Was the Champion of Jiyva.
             Slain by an orc warrior
             ... wielding a +0 short sword of freezing
              (8 damage)
             ... in the Dungeon (Sprint IX: "|||||||||||||||||||||||||||||").
             The game lasted 00:09:32 (1997 turns).

Lanoc the Martial Artist (Octopode Transmuter)      Turns: 1997, Time: 00:09:33

Health: -1/82      AC:  5    Str: 15    XL:     11   Next: 53%
Magic:  25/25      EV: 20    Int: 24    God:    Jiyva [******]
Gold:   1135       SH:  0    Dex: 14    Spells: 22/30 levels left

rFire    + . .     SeeInvis .     - Unarmed
rCold    . . .     Gourm    .   (shield currently unavailable)
rNeg     . . .     Faith    .   (helmet restricted)
rPois    .         Spirit   .   (no amulet)
rElec    .         Reflect  .   m - +3 ring of strength
rCorr    +         Harm     .   n - +3 ring of intelligence
MR       .....     NoTele   +   (no ring)
Stlth    ++........             (no ring)
HPRegen  0.23/turn              (no ring)
MPRegen  0.19/turn              (no ring)
                                (no ring)
                                (no ring)

@: blade tentacles, very slightly contaminated
A: almost no armour, stealthy swim, amphibious, 8 rings, constrict 8, beak, icy
blue scales 1, molten scales 1, camouflage 1, blurry vision 1, clever 2, fire
resistance 1, strong 1, eyeballs 1, gelatinous body 1, pseudopods 1, jelly
sensing items, subdued magic 1
a: End Transformation, Request Jelly, Slimify, Cure Bad Mutation, Renounce
Religion


You were in the Dungeon.
You worshipped Jiyva.
Jiyva was exalted by your worship.
You were completely stuffed.
You had blades for tentacles.
You visited 1 branch You collected 1135 gold pieces.

Inventory:

Missiles
 a - 12 arrows
Magical Staves
 l - an uncursed staff of energy
Jewellery
 m - a +3 ring of strength (left scythe-like blade)
 n - a +3 ring of intelligence (right scythe-like blade)
Wands
 k - a wand of iceblast (10)
Scrolls
 h - 3 scrolls of remove curse
 i - 4 scrolls of blinking
 j - 2 scrolls of amnesia
 p - a scroll of identify
 q - a scroll of fear
 r - 4 scrolls of enchant weapon
Potions
 b - a potion of invisibility
 d - 7 potions of curing
 e - 4 potions of heal wounds
 f - 3 potions of haste
 g - 4 potions of magic
Comestibles
 c - 10 rations


   Skills:
 + Level 10.8 Fighting
 + Level 11.0 Dodging
 * Level 14.8 Unarmed Combat
 + Level 10.2 Spellcasting
 * Level 14.7 Transmutations


You had 22 spell levels left.
You knew the following spells:

 Your Spells              Type           Power        Failure   Level  Hunger
a - Beastly Appendage     Tmut           ######       2%          1    None
b - Sticks to Snakes      Tmut           ######..     3%          2    None
c - Blade Hands           Tmut           ######....   9%          5    ####...

Your spell library contained the following spells:

 Spells                   Type           Power        Failure   Level  Hunger
 Spider Form              Tmut/Pois      #####.....   11%         3    None
 Ice Form                 Ice/Tmut       #####...     21%         4    #......


Dungeon Overview and Level Annotations

Branches:
Dungeon (1/1)

Altars:
Cheibriados
Dithmenos
Elyvilon
Fedhas
Gozag
Hepliaklqana
Kikubaaqudgha
Makhleb
Nemelex Xobeh
Okawaru
Qazlal
Ru
Sif Muna
Trog
Uskayaw
Vehumet
Wu Jian
Xom
Yredelemnul
Zin
The Shining One
Beogh
Jiyva
Lugonu

Shops:
D [%


Innate Abilities, Weirdness & Mutations

You cannot wear most types of armour.
You are very stealthy in the water. (Stealth+)
You are amphibious.
You can wear up to eight rings at the same time.
You can use your tentacles to constrict eight enemies at once.
Your skin changes colour to match your surroundings (Stealth+).
Your rubbery body absorbs attacks. (AC +1, EV +1)
You have a beak for a mouth.
You are partially covered in icy blue scales. (AC +2)
You are partially covered in molten scales. (AC +2)
Scrolls take you a little longer to read.
Your mind is very acute. (Int +4)
Your flesh is heat resistant. (rF+)
Your muscles are strong. (Str +2)
Your body has grown golden eyes which may confuse attackers. (Acc +3)
Armour fits poorly on your pseudopods.
You have a small jelly attached to you that senses nearby items.
Your spells are a little easier to cast, but a little less powerful.


Message History

You constrict the orc knight, but do no damage.
The orc knight hits you with a +0 long sword!!
You hit the orc knight but do no damage.
You slash the orc knight.
You squeeze the orc knight, but do no damage.
The orc knight is severely wounded.
You constrict the orc knight. The orc knight misses you.
You hit the orc knight but do no damage.
Your slash misses the orc knight.
The orc knight is almost dead.
You constrict the orc knight. You shred the orc knight!!!
You kill the orc knight!
Your Dodging skill increases to level 11!
The orc warrior hits you from afar with a +0 trident!
The orc warrior hits you with a +0 short sword of freezing!!
* * * LOW HITPOINT WARNING * * *
You shudder from the blow and a jelly pops out!
The orc warrior freezes you!
You die...

▓)▓.▓.▓.▓
▓.▓.▓.▓.▓.▓
▓∩▓.▓.▓.▓[▓
▓.▓.▓.▓.▓[▓
▓o▓.▓.▓.▓[▓
▓o▓.▓.▓.▓)▓
▓o▓.▓.▓.▓.▓
▓o▓.▓.▓.▓.▓
▓@▓.▓.▓.▓.▓
∆
▓)▓.▓'▓.▓'▓
∆
▓J▓.▓.▓.▓_▓
∆
▓.▓.▓.▓.▓_▓
∆
▓.▓.▓.▓.▓_▓
▓.▓.▓.▓.▓_▓
∆
▓.▓.▓.▓.▓_▓
∆
▓.▓.▓.▓.▓_▓
∆
▓.▓.▓.▓.▓_▓


You could see 4 orc warriors and a friendly azure jelly.

Vanquished Creatures
  Harold (D)
  4 death yaks (D)
  An unseen horror (D)
  2 orc knights (D)
  A komodo dragon (D)
  A troll (D)
  A hippogriff (D)
  A wyvern (D)
  3 yaks (D)
  A porcupine (D)
  3 water moccasins (D)
  2 ice beasts (D)
  10 orc warriors (D)
  A phantom (D)
  2 crocodiles (D)
  2 bullfrogs (D)
  A wight (D)
  A howler monkey (D)
  A quasit (D)
  6 orc priests (D)
  3 orc wizards (D)
  A worker ant (D)
  A shadow imp (D)
  An adder zombie (D)
  5 orcs (D)
  A bat skeleton (D)
  A giant cockroach (D)
  A hobgoblin (D)
  A bat (D)
  A giant cockroach zombie (D)
  A kobold (D)
  A rat (D)
63 creatures vanquished.

Vanquished Creatures (collateral kills)
  2 death yaks (D)
  2 orc knights (D)
  A spiny frog (D)
  A hippogriff (D)
  A yak (D)
  2 water moccasins (D)
  2 orc warriors (D)
  A porcupine (D)
  A crocodile (D)
  A bullfrog (D)
14 creatures vanquished.

Vanquished Creatures (others)
  9 jellies (D)
9 creatures vanquished.

Grand Total: 86 creatures vanquished

Notes
Turn   | Place    | Note
-------+----------+-------------------------------------------
     0 | D        | Lanoc the Octopode Transmuter began the quest for the Orb.
     0 | D        | Reached XP level 1. HP: 13/13 MP: 3/3
   126 | D        | Noticed a worker ant
   126 | D        | Noticed a howler monkey
   126 | D        | Noticed an ice beast
   135 | D        | Killed an ice beast
   135 | D        | Reached skill level 5 in Unarmed Combat
   135 | D        | Reached skill level 5 in Transmutations
   135 | D        | Reached XP level 2. HP: 12/21 MP: 2/6
   135 | D        | Reached XP level 3. HP: 15/26 MP: 2/8
   135 | D        | Reached XP level 4. HP: 18/31 MP: 2/9
   139 | D        | Reached XP level 5. HP: 22/37 MP: 2/11
   147 | D        | Found a roughly hewn altar of Beogh.
   147 | D        | Found a snail-covered altar of Cheibriados.
   147 | D        | Found a shadowy altar of Dithmenos.
   147 | D        | Found a white marble altar of Elyvilon.
   147 | D        | Found a blossoming altar of Fedhas.
   147 | D        | Found an opulent altar of Gozag.
   148 | D        | Found a hazy altar of Hepliaklqana.
   149 | D        | Found a viscous altar of Jiyva.
   150 | D        | Found an ancient bone altar of Kikubaaqudgha.
   151 | D        | Found a corrupted altar of Lugonu.
   152 | D        | Found a burning altar of Makhleb.
   153 | D        | Found a sparkling altar of Nemelex Xobeh.
   154 | D        | Found an iron altar of Okawaru.
   155 | D        | Found a stormy altar of Qazlal.
   164 | D        | Learned a level 2 spell: Sticks to Snakes
   170 | D        | Learned a level 5 spell: Blade Hands
   177 | D        | Found a sacrificial altar of Ru.
   178 | D        | Found a deep blue altar of Sif Muna.
   179 | D        | Found a bloodstained altar of Trog.
   180 | D        | Found a hide-covered altar of Uskayaw.
   181 | D        | Found a radiant altar of Vehumet.
   202 | D        | Found an ornate altar of the Wu Jian Council.
   203 | D        | Found a shimmering altar of Xom.
   204 | D        | Found a basalt altar of Yredelemnul.
   205 | D        | Found a glowing silver altar of Zin.
   206 | D        | Found a glowing golden altar of the Shining One.
   234 | D        | Became a worshipper of Jiyva Jotijoch the Shapeless
   442 | D        | Noticed an ice beast
   442 | D        | Noticed a phantom
   450 | D        | Killed an unseen horror
   450 | D        | Reached XP level 6. HP: 38/46 MP: 8/15
   450 | D        | Reached XP level 7. HP: 43/52 MP: 8/16
   456 | D        | Reached XP level 8. HP: 32/58 MP: 3/17
   596 | D        | Noticed a yak
   596 | D        | Noticed a troll
   601 | D        | Killed a troll
   601 | D        | Reached skill level 10 in Unarmed Combat
   603 | D        | Reached skill level 10 in Transmutations
   606 | D        | Killed a yak
   742 | D        | Reached * piety under Jiyva
   744 | D        | Reached ** piety under Jiyva
   746 | D        | Reached *** piety under Jiyva
   746 | D        | Gained mutation: You are agile. (Dex +2) [Jiyva's grace]
   746 | D        | Reached **** piety under Jiyva
   746 | D        | Lost mutation: You are agile. (Dex +2) [Jiyva's grace]
   748 | D        | Reached ***** piety under Jiyva
   748 | D        | Gained mutation: You are robust. (+10% HP) [Jiyva's grace]
   750 | D        | Gained mutation: You have a beak for a mouth. [Jiyva's
                  | grace]
   756 | D        | Reached ****** piety under Jiyva
   756 | D        | Gained mutation: Scrolls take you a little longer to read.
                  | [Jiyva's grace]
   764 | D        | Gained mutation: You possess an exceptional clarity of
                  | mind. [Jiyva's grace]
   764 | D        | Gained mutation: You evolve. [Jiyva's grace]
   764 | D        | Lost mutation: You possess an exceptional clarity of mind.
                  | [Jiyva's grace]
   764 | D        | Gained mutation: Armour fits poorly on your pseudopods.
                  | [Jiyva's grace]
   848 | D        | Noticed a komodo dragon
   855 | D        | Killed a komodo dragon
   855 | D        | Reached XP level 9. HP: 39/71 MP: 14/20
  1215 | D        | Noticed a spiny frog
  1222 | D        | Killed a spiny frog
  1235 | D        | Lost mutation: You evolve. [Jiyva's grace]
  1239 | D        | Reached XP level 10. HP: 26/80 MP: 20/22
  1245 | D        | Lost mutation: Scrolls take you a little longer to read.
                  | [Jiyva's grace]
  1251 | D        | Gained mutation: You have acidic saliva. [Jiyva's grace]
  1256 | D        | Lost mutation: Armour fits poorly on your pseudopods.
                  | [Jiyva's grace]
  1265 | D        | Gained mutation: You are weak. (Str -2) [Jiyva's grace]
  1265 | D        | Lost mutation: You have acidic saliva. [Jiyva's grace]
  1443 | D        | Noticed a death yak
  1443 | D        | Noticed a death yak
  1443 | D        | Noticed a death yak
  1443 | D        | Noticed a death yak
  1444 | D        | Noticed a death yak
  1448 | D        | Noticed a death yak
  1448 | D        | Killed a death yak
  1454 | D        | Killed a death yak
  1459 | D        | Killed a death yak
  1462 | D        | Killed a death yak
  1468 | D        | Killed a death yak
  1468 | D        | Reached skill level 10 in Dodging
  1472 | D        | Killed a death yak
  1472 | D        | Reached skill level 10 in Fighting
  1472 | D        | Reached XP level 11. HP: 23/89 MP: 16/24
  1500 | D        | Lost mutation: You are weak. (Str -2) [Jiyva's grace]
  1500 | D        | Gained mutation: You expend magic power (3 MP) to
                  | strengthen your wands. [Jiyva's grace]
  1503 | D        | Lost mutation: You expend magic power (3 MP) to strengthen
                  | your wands. [Jiyva's grace]
  1503 | D        | Gained mutation: Your body sometimes deteriorates upon
                  | taking damage. [Jiyva's grace]
  1595 | D        | Gained mutation: Your spells are a little harder to cast,
                  | but a little more powerful. [Jiyva's grace]
  1733 | D        | Gained mutation: You expend magic power (3 MP) to
                  | strengthen your wands. [Jiyva's grace]
  1736 | D        | Gained mutation: Your mind is acute. (Int +2) [Jiyva's
                  | grace]
  1753 | D        | Noticed Harold
  1765 | D        | Killed Harold
  1893 | D        | Lost mutation: Your mind is acute. (Int +2) [Jiyva's grace]
  1893 | D        | Gained mutation: Your flesh is heat resistant. (rF+)
                  | [Jiyva's grace]
  1893 | D        | Gained mutation: Your spells are harder to cast, but more
                  | powerful. [Jiyva's grace]
  1894 | D        | Lost mutation: You are robust. (+10% HP) [Jiyva's grace]
  1895 | D        | Gained mutation: Your muscles are strong. (Str +2) [Jiyva's
                  | grace]
  1897 | D        | Lost mutation: Your spells are harder to cast, but more
                  | powerful. [Jiyva's grace]
  1897 | D        | Gained mutation: You have a small jelly attached to you
                  | that senses nearby items. [Jiyva's grace]
  1902 | D        | Gained mutation: You have acidic saliva. [Jiyva's grace]
  1903 | D        | Gained mutation: Your mind is acute. (Int +2) [Jiyva's
                  | grace]
  1925 | D        | Noticed an orc knight
  1925 | D        | Noticed an orc knight
  1934 | D        | Killed an orc knight
  1944 | D        | Killed an orc knight
  1950 | D        | Reached skill level 10 in Spellcasting
  1962 | D        | Lost mutation: You have a small jelly attached to you that
                  | senses nearby items. [Jiyva's grace]
  1963 | D        | Gained mutation: You are partially covered in icy blue
                  | scales. (AC +2) [Jiyva's grace]
  1963 | D        | Gained mutation: You are agile. (Dex +2) [Jiyva's grace]
  1963 | D        | Lost mutation: Your body sometimes deteriorates upon taking
                  | damage. [Jiyva's grace]
  1964 | D        | Gained mutation: Your mind is very acute. (Int +4) [Jiyva's
                  | grace]
  1964 | D        | Gained mutation: You are partially covered in molten
                  | scales. (AC +2) [Jiyva's grace]
  1964 | D        | Gained mutation: Armour fits poorly on your pseudopods.
                  | [Jiyva's grace]
  1965 | D        | Lost mutation: You are agile. (Dex +2) [Jiyva's grace]
  1965 | D        | Lost mutation: Your spells are a little harder to cast, but
                  | a little more powerful. [Jiyva's grace]
  1970 | D        | Gained mutation: You have a small jelly attached to you
                  | that may absorb incoming projectiles. [Jiyva's grace]
  1972 | D        | Lost mutation: Your muscles are strong. (Str +2) [Jiyva's
                  | grace]
  1972 | D        | Lost mutation: You expend magic power (3 MP) to strengthen
                  | your wands. [Jiyva's grace]
  1974 | D        | Lost mutation: You have acidic saliva. [Jiyva's grace]
  1974 | D        | Lost mutation: You have a small jelly attached to you that
                  | may absorb incoming projectiles. [Jiyva's grace]
  1974 | D        | Gained mutation: Your muscles are strong. (Str +2) [Jiyva's
                  | grace]
  1980 | D        | Gained mutation: Your spells are a little easier to cast,
                  | but a little less powerful. [Jiyva's grace]
  1980 | D        | Gained mutation: Your body has grown golden eyes which may
                  | confuse attackers. (Acc +3) [Jiyva's grace]
  1981 | D        | Gained mutation: Scrolls take you a little longer to read.
                  | [Jiyva's grace]
  1981 | D        | Gained mutation: You have a small jelly attached to you
                  | that senses nearby items. [Jiyva's grace]
  1983 | D        | Found Iwiahycy's Food Boutique.
  1983 | D        | Noticed an orc knight
  1983 | D        | Noticed an orc knight
  1987 | D        | Killed an orc knight
  1990 | D        | Found Namom's Armour Shop.
  1996 | D        | Killed an orc knight
  1997 | D        | Slain by an orc warrior

Vault maps used:
D:        linesprint

Skill      XL: |  1  2  3  4  5  6  7  8  9 10 11 |
---------------+----------------------------------+-----
Fighting       | 3 6 7 8 10 | 10.8
Dodging        | 3 4 6 7 8 10 11 | 11.0
Unarmed Combat | 5 6 9 11 12 13 14 | 14.8
Spellcasting   | 3 4 6 7 8 9 10 | 10.2
Transmutations | 5 9 10 12 13 14 | 14.7

Action                   |  1- 3 |  4- 6 |  7- 9 | 10-12 || total
-------------------------+-------+-------+-------+-------++-------
Melee: Unarmed           |    13 |    11 |    48 |    77 ||   149
       Constrict         |     3 |     3 |     4 |    14 ||    24
       Kick              |     3 |     2 |       |       ||     5
       Tentacles         |     2 |     1 |    10 |    11 ||    24
       Pseudopods        |       |       |     4 |     2 ||     6
       Peck              |       |       |     3 |    11 ||    14
       Punch             |       |       |       |     5 ||     5
 Cast: Beastly Appendage |     2 |       |       |       ||     2
       Blade Hands       |       |     1 |     7 |     6 ||    14
Invok: Request Jelly     |       |       |     2 |     3 ||     5
  Use: Potion            |     2 |       |       |       ||     2
 Stab: Sleeping          |     1 |       |       |       ||     1
  Eat: Chunk             |       |       |     2 |       ||     2
       Ration            |       |       |       |     1 ||     1
Armor: Skin              |     1 |       |     1 |       ||     2
Dodge: Dodged            |     9 |     6 |    25 |    25 ||    65

Table legend:
 A = Non-vault XP
 B = Vault XP
 C = Vault XP percentage of total XP
 D = Non-vault monster count
 E = Vault monster count
 F = Vault count percentage of total count
                 A         B        C        D         E       F
            +---------+---------+-------+---------+---------+-------
      Total |       0 |   14080 | 100.0 |       0 |      77 | 100.0
            +---------+---------+-------+---------+---------+-------
          D |       0 |   14080 | 100.0 |       0 |      77 | 100.0
            +---------+---------+-------+---------+---------+-------
